 Dungeon Crawl Stone Soup version 0.31-a0-246-g8cbcc1cb85 (webtiles) character file.

Game seed: 10128375223372754072

144 Vomitron the Trooper (level 5, -18/50 HPs)
             Began as a Naga Fighter on July 12, 2023.
             Demolished by an ogre
             ... wielding a +0 giant club
              (25 damage)
             ... on level 3 of the Dungeon.
             The game lasted 00:04:27 (2026 turns).

Vomitron the Trooper (Naga Fighter)                 Turns: 2026, Time: 00:04:28

Health: -18/50     AC:  6    Str: 20    XL:     5   Next: 27%
Magic:  5/5        EV:  7    Int:  8    God:
Gold:   162        SH:  4    Dex: 11    Spells: 4/4 levels left

rFire   . . .        a - +0 flail
rCold   . . .        c - +0 buckler
rNeg    . . .        b - +0 scale mail
rPois   +            m - +0 helmet
rElec   .            (no cloak)
rCorr   .            (no gloves)
SInv    +            (no barding)
Will    .....        (no amulet)
Stlth   +            (no ring)
HPRegen 0.28/turn    (no ring)
MPRegen 0.09/turn

%: no passive effects
@: very slow
A: AC +1, large, see invisible, deformed body, poison resistance, slowness 2,
spit poison 1, naga tail 1
a: Spit Poison


You were on level 3 of the Dungeon.
You visited 1 branch of the dungeon, and saw 3 of its levels.

You collected 162 gold pieces.

Inventory:

Hand Weapons
 a - a +0 flail (weapon)
 l - a +1 sling of freezing
Armour
 b - a +0 scale mail (worn)
 c - a +0 buckler (worn)
 m - a +0 helmet (worn)
 n - a +0 chain mail
Jewellery
 p - a ring of protection from fire
Scrolls
 e - a scroll of amnesia {unknown}
 i - a scroll of fear {unknown}
 j - a scroll of revelation {unknown}
Potions
 d - a potion of might
 f - 2 potions of haste {unknown}
 g - a potion of cancellation {unknown}
 h - 2 potions of heal wounds {unknown}
 k - a potion of brilliance {unknown}
 o - a potion of lignification {unknown}
 q - a potion of curing {unknown}


   Skills:
 + Level 3.7 Fighting
 * Level 3.6 Maces & Flails
 - Level 2.4 Armour
 + Level 3.1 Stealth
 + Level 3.3 Shields


You had 4 spell levels left.
You didn't know any spells.
Your spell library was empty.

Dungeon Overview and Level Annotations

Branches:
Dungeon (3/15)

Altars:


Innate Abilities, Weirdness & Mutations

Your serpentine skin is tough. (AC +1)
You have supernaturally acute eyesight. (SInv)
Armour fits poorly on your strangely shaped body.
Your system is resistant to poisons. (rPois)
You cover ground very slowly.
You can spit poison.
You have a snake-like lower body.


Message History

Aim: an ogre, wielding a +0 giant club (81% to hit)
The splash of poison hits the goblin.
The goblin is poisoned.
You kill the goblin!
Unknown command.
Unknown command.
Unknown command.
You barely miss the goblin.
Unknown command.
The goblin attacks as you move away! You block the goblin's attack. x2
The goblin hits you but does no damage. The goblin attacks as you move away!
The goblin hits you with a +0 club.
You closely miss the goblin. The goblin hits you but does no damage.
You hit the goblin.
You kill the goblin!
You have got your breath back.
The goblin barely misses you.
You hit the goblin but do no damage. You sock the goblin!
You kill the goblin!
Aiming: Spit Poison (1% risk of failure)
Press: ? - help, Q - select action Shift-Dir - straight line, f/p - ogre
Aim: an ogre, wielding a +0 giant club (81% to hit)
The splash of poison hits the ogre but does no damage.
The ogre is poisoned.
The ogre hits you with a +0 giant club!
Unknown command.
Unknown command.
Unknown command.
You hit the ogre but do no damage.
The ogre is lightly wounded.
The ogre hits you with a +0 giant club!!
Ouch! That really hurt!
* * * LOW HITPOINT WARNING * * *
Unknown command.
You hit the ogre.
The ogre is lightly wounded.
You have got your breath back.
The ogre hits you with a +0 giant club!!
Ouch! That really hurt!
You die...

#.#.#.####<..##
#.....#####†##
###.#.......#####.#
#.#.####.....)..#
#.#.####.########
#......#.######
###g##.#......#
#)Ogg..#......#
#@#...........#
###)####......#


gOg #......# #gg(# #......# #...# ######.# ##### .# # You could see an ogre
(poisoned) and 3 goblins.

Vanquished Creatures
  Robin (D:2)
  4 gnolls (D:2)
  4 adders (D:2)
  A dart slug (D:1)
  3 endoplasms
  4 giant cockroaches
  16 goblins
  5 hobgoblins
  6 kobolds (D:1)
  A quokka (D:3)
  4 ball pythons
  3 bats
  3 frilled lizards
  6 rats
61 creatures vanquished.

Notes
Turn   | Place    | Note
-------+----------+-------------------------------------------
     0 | D:1      | Vomitron the Naga Fighter began the quest for the Orb.
     0 | D:1      | Reached XP level 1. HP: 21/21 MP: 1/1
   114 | D:1      | Reached XP level 2. HP: 28/28 MP: 2/2
   126 | D:1      | Reached skill level 1 in Stealth
   308 | D:1      | Found a faded altar of an unknown god.
   647 | D:1      | Reached XP level 3. HP: 34/34 MP: 3/3
  1112 | D:2      | Reached XP level 4. HP: 32/42 MP: 4/4
  1118 | D:2      | Noticed Robin
  1135 | D:2      | Killed Robin
  1460 | D:2      | Reached XP level 5. HP: 49/49 MP: 5/5
  2015 | D:3      | Noticed an ogre
  2026 | D:3      | Demolished by an ogre

Illustrated notes

Levels and vault maps discovered:
D:1:      dpeg_arrival_orchard, layout_basic, serial_bayou,
          serial_bayou_shore_b, serial_bayou_pond_b, serial_bayou_lake_a,
          serial_bayou_pond_c, serial_bayou_ford_a, serial_bayou_pond_c,
          shapermc_ecumenical_altar_mp_ritualfount
D:2:      layout_loops_cross, minmay_distorted, uniq_robin
D:3:      layout_loops_cross, mainiacjoe_overflow_concentric_impassable,
          minmay_ogre_servants

Skill      XL: |  1  2  3  4 |
---------------+-------------+-----
Stealth        | 1 2 3 |  3.1
Shields        | 3 |  3.3
Maces & Flails | 3 |  3.6
Fighting       | |  3.7
Armour         | |  2.4

Action                     |  1- 3 |  4- 6 || total
---------------------------+-------+-------++-------
  Melee: Flail             |   108 |    48 ||   156
Ability: Spit Poison       |    10 |    20 ||    30
 Armour: Scale mail        |    46 |    19 ||    65
  Dodge: Dodged            |    39 |    27 ||    66
  Block: Buckler           |    24 |     8 ||    32

Table legend: (Time is in decaauts)
 A = Elapsed time spent in this place.
 B = Non-inter-level travel time spent in this place.
 C = Inter-level travel time spent in this place.
 D = Time resting spent in this place.
 E = Time spent auto-exploring this place.
 F = Levels seen in this place.
 G = Mean time per level.
                   A        B        C        D        E       F      G
               +--------+--------+--------+--------+--------+-----+--------+
         Total |   2633 |   2610 |     23 |    163 |   1950 |   3 |  877.7 |
       Dungeon |   2633 |   2610 |     23 |    163 |   1950 |   3 |  877.7 |
               +--------+--------+--------+--------+--------+-----+--------+

Top non-repeatable levels by time:
     D:1: 1334 daAuts
     D:2: 1237 daAuts
     D:3: 60 daAuts
